 Dungeon Crawl Stone Soup version 0.28.0-47-ge53b351184 (webtiles) character file.

Game seed: 6265617225568263745

294 Bruhh the Magician (level 6, 0/46 HPs)
             Began as a Djinni Cinder Acolyte on Apr 28, 2022.
             Was a High Priest of Ignis.
             Slain by a water moccasin (3 damage)
             ... on level 5 of the Dungeon.
             The game lasted 00:05:44 (5388 turns).

Bruhh the Magician (Djinni Cinder Acolyte)          Turns: 5388, Time: 00:05:45

Health: 0/46       AC:  2    Str: 13    XL:     6   Next: 60%
Gold:   90         EV: 11    Int: 18    God:    Ignis [*****.] SH:  0 Dex:  8

rFire   + + +      SeeInvis .   a - -1 falchion (flame)
rCold   x . .      Faith    .   (no shield)
rNeg    . . .      Spirit   .   b - +0 robe
rPois   ∞          Reflect  .   (no helmet)
rElec   .          Harm     .   (no cloak)
rCorr   .          Rampage  .   (no gloves)
Will    .....                   (boots unavailable)
Stlth   +.........              (no amulet)
HPRegen 0.15/turn               (no ring)
MPRegen 0.00/turn               (no ring)

@: flying
A: sickness immunity, fire resistance 2, cold vulnerability 1, float, innate
caster, HP casting, extra vitality 1
a: Renounce Religion, Fiery Armour, Foxfire Swarm, Rising Flame


You were on level 5 of the Dungeon.
You worshipped Ignis.
Ignis was extremely pleased with you.
You visited 1 branch of the dungeon, and saw 5 of its levels.
You also visited: Sewer.

You collected 90 gold pieces.

Inventory:

Hand Weapons
 a - a -1 falchion of flaming (weapon)
Armour
 b - a +0 robe (worn)
Jewellery
 p - a ring of protection from cold
 r - a ring of protection from cold
Scrolls
 d - a scroll of amnesia {unknown}
 f - 2 scrolls of teleportation {unknown}
 i - 2 scrolls of fog {unknown}
 l - 2 scrolls of blinking {unknown}
 m - 2 scrolls of identify {unknown}
 n - a scroll of enchant weapon {unknown}
 o - a scroll of enchant armour {unknown}
 q - a scroll of brand weapon {unknown}
Potions
 c - 6 potions of attraction {unknown}
 e - 2 potions of heal wounds {unknown}
 g - a potion of resistance {unknown}
 h - a potion of lignification {unknown}
 j - 3 potions of curing {unknown}
 k - a potion of cancellation {unknown}
 s - a potion of might {unknown}


   Skills:
 - Level 3.0 Fighting
 - Level 2.6 Long Blades
 + Level 5.3 Spellcasting


You had 10 spell levels left.
You knew the following spells:

 Your Spells              Type           Power      Damage    Failure   Level
a - Scorch                Fire           48%        2d7       2%          2
b - Summon Small Mammal   Summ           96%        N/A       1%          1
c - Wereblood             Tmut           24%        N/A       2%          2
Your spell library was empty.

Dungeon Overview and Level Annotations

Branches:
Dungeon (5/15)              Sewer (visited)
 Temple: D:4-7

Altars:
Ashenzari
Nemelex Xobeh
Sif Muna
Xom


Innate Abilities, Weirdness & Mutations

You are immune to sickness and miasma.
You are immune to poison.
Your flesh is very heat resistant. (rF++)
You are vulnerable to cold. (rC-)
You float through the air rather than walking.
You learn spells naturally, not from books.
Your magical power is your life essence.
You have superior vitality. (+4 MHP)


Message History

An orc priest comes into view. It is wielding a +0 club.
The orc priest shouts!
The orc priest moves out of view.
An orc priest is nearby!
An orc priest is nearby!
An orc priest is nearby!
An orc priest comes into view. It is wielding a +0 club.
You can't see any susceptible monsters within range! (Use Z to cast anyway.)
You can't see any susceptible monsters within range! (Use Z to cast anyway.)
You can't see any susceptible monsters within range! (Use Z to cast anyway.)
The orc priest shouts!
You hear a shout!
Flames lash the orc priest.
The orc priest is severely wounded.
The orc priest's fire resistance burns away.
The water moccasin hisses angrily.
You hear a shout!
The orc priest mumbles some strange prayers to Beogh against you.
Beogh smites you!
Flames lash the orc priest.
The orc priest is burned terribly!
The orc priest is almost dead.
An orc wizard comes into view. It is wielding a +0 dagger.
The orc priest hits you with a +0 club.
Flames lash the orc priest.
The orc priest is burned terribly!
You kill the orc priest!
Flames lash the water moccasin.
The water moccasin is heavily wounded.
The water moccasin's fire resistance burns away.
The orc priest begins to cast a cantrip, but forgets the words!
Flames lash the orc wizard.
The orc wizard is almost dead.
The orc wizard's fire resistance burns away.
An orc comes into view. It is wielding a +0 hand axe.
The water moccasin bites you.
The orc wizard gestures at you while chanting.
The magic dart hits you!
* * * LOW HITPOINT WARNING * * *
The water moccasin bites you!
* * * LOW HITPOINT WARNING * * *
The water moccasin barely misses you. The water moccasin bites you.
You die...

####### ###
#.....#
#...###.# #.###
#..<..# #...
#...###.###.#
##. #.....# #
###.#.#######
#####@#....?...
##.....S.#####
........o.....#
###.###.#.###.#
# #.#o# #.#
#.o.. #.#
#.....#.#
#..#.....
#.....#.#


You could see a water moccasin (combustible), an orc priest, an orc wizard
(combustible) and an orc.

Vanquished Creatures
  2 orc priests
  A hell rat (Sewer)
  Robin (D:3)
  3 gnolls (D:2)
  3 adders (D:2)
  5 river rats
  5 dart slugs
  3 orcs (D:4)
  3 endoplasms
  3 giant cockroaches
  17 goblins
  4 hobgoblins
  6 jackals (D:2)
  6 quokkas
  7 ball pythons
  5 bats
  2 frilled lizards
  6 kobolds
  11 rats
93 creatures vanquished.

Notes
Turn   | Place    | Note
-------+----------+-------------------------------------------
     0 | D:1      | Bruhh the Djinni Cinder Acolyte began the quest for the
                  | Orb.
     0 | D:1      | Reached XP level 1. HP: 20/20 MP: 0/0
     2 | D:1      | Noticed a vine stalker
     2 | D:1      | Noticed a demigod
     4 | D:1      | Noticed a human
     4 | D:1      | Noticed a naga
     6 | D:1      | Noticed a felid
     8 | D:1      | Noticed a formicid
     8 | D:1      | Noticed a demonspawn
    10 | D:1      | Noticed a vampire
    12 | D:1      | Noticed a minotaur
    14 | D:1      | Noticed a spriggan
    14 | D:1      | Noticed a troll
    16 | D:1      | Noticed a draconian
    18 | D:1      | Noticed a gargoyle
    18 | D:1      | Noticed a tengu
    20 | D:1      | Noticed an ogre
    20 | D:1      | Noticed an elf
    22 | D:1      | Noticed a ghoul
    22 | D:1      | Noticed an octopode
    24 | D:1      | Noticed a dwarf
    24 | D:1      | Noticed a merfolk
   383 | D:1      | Reached XP level 2. HP: 25/25 MP: 0/0
   782 | D:1      | Found a faded altar of an unknown god.
   910 | D:1      | Reached skill level 3 in Spellcasting
  1262 | D:2      | Reached XP level 3. HP: 23/30 MP: 0/0
  1262 | D:2      | Learned a level 1 spell: Summon Small Mammal
  1577 | D:2      | Reached XP level 4. HP: 16/35 MP: 0/0
  1990 | D:2      | Reached skill level 4 in Spellcasting
  2005 | D:2      | HP: 1/35 [dart slug/slug dart (2)]
  2361 | D:2      | Found a broken altar of Ashenzari.
  2598 | D:2      | Reached XP level 5. HP: 36/40 MP: 0/0
  2598 | D:2      | Learned a level 2 spell: Wereblood
  2861 | D:3      | Found a glowing drain.
  3155 | Sewer    | Entered a sewer
  4017 | D:3      | Reached XP level 6. HP: 32/46 MP: 0/0
  4152 | D:3      | Noticed Robin
  4156 | D:3      | Killed Robin
  4365 | D:3      | Reached skill level 5 in Spellcasting
  4581 | D:3      | Found a sparkling altar of Nemelex Xobeh.
  4581 | D:3      | Found a shimmering altar of Xom.
  5355 | D:5      | Entered Level 5 of the Dungeon
  5365 | D:5      | Noticed a water moccasin
  5388 | D:5      | Slain by a water moccasin

Illustrated notes

Levels and vault maps discovered:
D:1:      kb_arrival_jail, layout_loops_ring, chequers_ecumenical_altar_twisty
D:2:      layout_basic, basic_altar
D:3:      layout_loops_cross, lemuel_coloured_pillars_altar,
          gammafunk_temple_overflow_statue, portal_sewer_entry_b, uniq_robin
D:4:      layout_basic
D:5:      layout_loops_ring, minivault_14, lexackson_kobold_supper

Skill      XL: |  1  2  3  4  5  6 |
---------------+-------------------+-----
Spellcasting   | 3 4 5 |  5.3
Fighting       | |  3.0
Long Blades    | |  2.6

Action                   |  1- 3 |  4- 6 || total
-------------------------+-------+-------++-------
Melee: Falchion          |    36 |     4 ||    40
 Cast: Scorch            |    26 |    96 ||   122
Armor: Robe              |    18 |     7 ||    25
Dodge: Dodged            |    29 |    36 ||    65
